 Dungeon Crawl Stone Soup version 0.29.1-12-g30fa7ad0bf (webtiles) character file.

Game seed: 6769085461766761678

2 mortz the Conjurer (level 1, -2/10 HPs)
             Began as a Kobold Conjurer on Dec 30, 2022.
             Slain by a kobold
             ... wielding a +0 dagger
              (3 damage)
             ... on level 1 of the Dungeon.
             The game lasted 00:01:13 (58 turns).

mortz the Conjurer (Kobold Conjurer)                  Turns: 58, Time: 00:01:13

Health: -2/10      AC:  2    Str:  4    XL:     1   Next: 44%
Magic:  0/3        EV: 14    Int: 19    God:
Gold:   0          SH:  0    Dex: 13    Spells: 3/4 levels left

rFire   . . .      SeeInvis .   (weapon restricted)
rCold   . . .      Faith    .   (no shield)
rNeg    . . .      Spirit   .   a - +0 robe
rPois   .          Reflect  .   (no helmet)
rElec   .          Harm     .   (no cloak)
rCorr   .          Rampage  .   (no gloves)
Will    .....                   (no boots)
Stlth   +++.......              (no amulet)
HPRegen 0.03/turn               (no ring)
MPRegen 0.08/turn               (no ring)

@: no status effects
A: small, no large weapons, nightstalker 3
a: no special abilities


You were on level 1 of the Dungeon.
You visited 1 branch of the dungeon, and saw 1 of its levels.

Inventory:

Armour
 a - a +0 robe (worn)
Scrolls
 c - a scroll of enchant armour {unknown}


   Skills:
 + Level 0.1 Fighting
 - Level 2.4 Dodging
 + Level 2.7 Stealth
 * Level 2.2 Spellcasting
 * Level 4.0 Conjurations


You had 3 spell levels left.
You knew the following spells:

 Your Spells              Type           Power      Damage    Failure   Level
a - Magic Dart            Conj           68%        1d6       3%          1

Your spell library contained the following spells:

 Spells                   Type           Power      Damage    Failure   Level
 Searing Ray              Conj           34%        2d5       4%          2
 Dazzling Flash           Conj/Hex       18%        N/A       22%         3
 Fulminant Prism          Conj/Hex       4%         3d6       56%         4
 Iskenderun's Mystic Bla  Conj/Tloc      9%         2d4       56%         4


Dungeon Overview and Level Annotations

Branches:
Dungeon (1/15) Zot: 5941

Altars:


Innate Abilities, Weirdness & Mutations

You are small and have problems with some larger weapons.
You are completely attuned to the shadows.


Message History

You kill the frilled lizard!
Magic restored.
A quokka and a kobold come into view.
Found a scroll labelled ESUIDO IBAINA and a mace.
The kobold shouts!
You hear a shout!
A ball python comes into view. x2; A hobgoblin comes into view.
The ball python hisses angrily.
You miscast Magic Dart.
You are very lightly contaminated with residual magic.
Nothing appears to happen.
The ball python barely misses you. The ball python grabs you.
The ball python constricts you.
The magic dart hits the ball python.
You kill the ball python!
The magic dart hits the hobgoblin.
The hobgoblin is almost dead.
The hobgoblin hits you. Magic courses through your body.
The hobgoblin closely misses you.
The magic dart hits the hobgoblin.
You kill the hobgoblin!
The magic dart hits the kobold but does no damage.
The kobold closely misses you.
The magic dart hits the kobold.
The kobold is moderately wounded.
The kobold hits you with a +0 dagger.
Your magical contamination has completely faded away.
You are too injured to fight recklessly!
You barely miss the kobold.
The kobold is moderately wounded.
The kobold barely misses you.
You hit the kobold.
The kobold is severely wounded.
The kobold closely misses you.
You barely miss the kobold.
The kobold is severely wounded.
The kobold hits you with a +0 dagger.
* * * LOW HITPOINT WARNING * * *
You closely miss the kobold.
The kobold is severely wounded.
The kobold hits you with a +0 dagger.
You die...

.!?. . #.r
..###K#
#....g.###.
#..##..[... ...
#.#..######...
#...### ....
###...####....
###..rK@....
#####..########
........##
#####.♣♣...##
#...#.♣♣...#
#.<.#......#
#...#......#
###........#
####.....#


You could see a quokka and a kobold.

Vanquished Creatures
  A hobgoblin (D:1)
  A ball python (D:1)
  A frilled lizard (D:1)
3 creatures vanquished.

Notes
Turn   | Place    | Note
-------+----------+-------------------------------------------
     0 | D:1      | mortz the Kobold Conjurer began the quest for the Orb.
     0 | D:1      | Reached XP level 1. HP: 10/10 MP: 3/3
    58 | D:1      | Slain by a kobold

Illustrated notes

Levels and vault maps discovered:
D:1:      amcnicky_arrival_single_pillar, layout_basic, minmay_heptomino_o4

Action                   || total
-------------------------++-------
Melee: Unarmed           ||     4
 Cast: Magic Dart        ||     6
  Use: Potion            ||     1
Dodge: Dodged            ||     5
